Match 24060551
Unlisted

Match 24060551
End
Construct Infanterie Kompanie
Selects Italian Coastal Battlegroup
Selects Coastal Reserves
Coastal Reserve
MG 42 Machine Gun Team
Coastal Reserve
Construct Luftwaffe Kompanie
Selects Support Bunkers
Jäger Squad
Selects Artillery Officer
Artillery Officer
Infanterie Officer Quarters
Selects Designated Artillery Overwatch
Designated Artillery Overwatch
Medical Bunker
Jäger Squad
Support Elements
Designated Artillery Overwatch
Coastal Reserve
Medical Station
Wirbelwind Flakpanzer
Coastal Reserve
Selects Obice da 210/22 Artillery Emplacement
Coastal Reserve
Bad.Commissar
野兽先辈
iceman
XavierYang
beSO
GetWrekked
ESAD
Dremel
0
0

Comments sign in to comment!

No comments posted yet!